 Dungeon Crawl Stone Soup version 0.29.0-13-gc9e81de378 (webtiles) character file.

Game seed: 7342372592668659536

35 xian the Chopper (level 3, -1/37 HPs)
             Began as an Ogre Gladiator on Sept 9, 2022.
             Slain by a worm (9 damage)
             ... on level 2 of the Dungeon.
             The game lasted 00:01:58 (1627 turns).

xian the Chopper (Ogre Gladiator)                   Turns: 1627, Time: 00:01:59

Health: -1/37      AC:  3    Str: 20    XL:     3   Next: 33%
Magic:  3/3        EV: 10    Int:  9    God:
Gold:   32         SH:  0    Dex: 10    Spells: 2/2 levels left

rFire   . . .      SeeInvis .   a - +0 war axe
rCold   . . .      Faith    .   (no shield)
rNeg    . . .      Spirit   .   b - +0 robe
rPois   .          Reflect  .   c - +0 hat
rElec   .          Harm     .   (no cloak)
rCorr   .          Rampage  .   (gloves unavailable)
Will    .....                   (boots unavailable)
Stlth   +.........              (no amulet)
HPRegen 0.12/turn               (no ring)
MPRegen 0.08/turn               (no ring)

@: no status effects
A: large, unfitting armour, tough skin 1
a: no special abilities


You were on level 2 of the Dungeon.
You visited 1 branch of the dungeon, and saw 2 of its levels.

You collected 32 gold pieces.

Inventory:

Hand Weapons
 a - a +0 war axe (weapon)
Missiles
 d - 3 throwing nets (quivered)
 e - a large rock
Armour
 b - a +0 robe (worn)
 c - a +0 hat (worn)
Jewellery
 h - a ring of positive energy
Scrolls
 f - a scroll of identify {unknown}
 g - a scroll of teleportation {unknown}
 i - a scroll of brand weapon {unknown}
Potions
 j - a potion of might {unknown}
 k - a potion of flight {unknown}


   Skills:
 + Level 3.1 Fighting
 + Level 3.8 Axes
 + Level 2.0 Throwing
 + Level 3.0 Dodging


You had 2 spell levels left.
You didn't know any spells.
Your spell library contained the following spells:

 Spells                   Type           Power      Damage    Failure   Level
 Apportation              Tloc           0%         N/A       38%         1
 Necrotise                Necr           0%         1d4       38%         1
 Summon Small Mammal      Summ           0%         N/A       38%         1


Dungeon Overview and Level Annotations

Branches:
Dungeon (2/15)

Altars:


Innate Abilities, Weirdness & Mutations

You are too large for most types of armour.
You have tough skin. (AC +1)


Message History

There is an open door here.
You open the door.
There is an open door here.
There is a stone staircase leading down here.
You climb downwards.
Found a robe, a cyan potion and a fuming red potion.
Found an escape hatch in the floor.
There is a stone staircase leading up here.
The ball python hisses angrily.
A ball python comes into view.
The ball python hisses angrily.
The ball python completely misses you.
You slash the ball python!
You kill the ball python!
There is a stone staircase leading up here.
The ball python bites you but does no damage.
You closely miss the ball python.
The ball python bites you but does no damage. x2
You hit the ball python.
You kill the ball python!
You see here a ball python corpse.
There is a stone staircase leading up here.
You see here a ball python corpse.
j - a cyan potion You see here a ball python corpse.
There is a stone staircase leading up here.
A worm comes into view.
The worm moves out of view.
k - a fuming red potion
Found a stone staircase leading down.
Found three items.
The worm bites you! The worm bites you!
You barely miss the worm. The worm bites you!
You barely miss the worm. The worm bites you!
* * * LOW HITPOINT WARNING * * *
You slash the worm!
The worm is severely wounded.
The worm bites you!
You die...

######### #.......#
#.......#
########.......#
##...w@.........#
#....####.......#
#..#.####.......#
##.###.........?....?#
................!.>...
....###.#.............
... #.#.####.......#
.. ###<#.####........
. #.........#


You could see a worm.

Vanquished Creatures
  6 ball pythons
  4 endoplasms (D:1)
  2 giant cockroaches (D:1)
  2 goblins (D:1)
  3 hobgoblins (D:1)
  3 jackals (D:1)
  4 quokkas (D:1)
  A frilled lizard (D:1)
  2 kobolds (D:1)
  2 rats (D:1)
29 creatures vanquished.

Notes
Turn   | Place    | Note
-------+----------+-------------------------------------------
     0 | D:1      | xian the Ogre Gladiator began the quest for the Orb.
     0 | D:1      | Reached XP level 1. HP: 22/22 MP: 1/1
   280 | D:1      | Reached XP level 2. HP: 23/29 MP: 2/2
   789 | D:1      | Reached XP level 3. HP: 22/37 MP: 3/3
  1627 | D:2      | Slain by a worm

Illustrated notes

Levels and vault maps discovered:
D:1:      dpeg_arrival_pits, layout_loops_corners
D:2:      minmay_chambers_of_twos, layout_basic, basic_altar, serial_shops,
          nicolae_shop_bloodbath_and_beyond, basic_ecumenical_altar

Skill      XL: |  1  2 |
---------------+-------+-----
Dodging        | 3 |  3.0
Fighting       | 3 |  3.1
Axes           | |  3.8
Throwing       | |  2.0

Action                   || total
-------------------------++-------
Melee: War axe           ||    84
Armor: Robe              ||    18
Dodge: Dodged            ||    47
